 Dungeon Crawl Stone Soup version 0.24-a0-244-ga6a6ab7d13 (webtiles) character file.

Game seed: 2845772536346863455

2764 Hercules1031 the Shield-Bearer (level 10, 0/79 HPs)
             Began as a Formicid Fighter on Apr 10, 2019.
             Was an Initiate of Cheibriados.
             Succumbed to a killer bee's poison
             ... on level 7 of the Dungeon.
             The game lasted 00:19:20 (6843 turns).

Hercules1031 the Shield-Bearer (Formicid Fighter)   Turns: 6843, Time: 00:19:21

Health: 0/79       AC: 16    Str: 25      XL:     10   Next: 1%
Magic:  4/12       EV: 10    Int:  9      God:    Cheibriados [......]
Gold:   300        SH: 11    Dex:  9 (11) Spells: 9/9 levels left

rFire    x . .     SeeInvis +   a - +0 war axe
rCold    + . .     Gourm    .   c - +0 shield
rNeg     . . .     Faith    .   p - +0 chain mail
rPois    .         Spirit   +   (helmet unavailable)
rElec    .         Reflect  .   v - +2 cloak
rCorr    +         Harm     .   x - +1 pair of gloves
MR       +....                  (no boots)
Stlth    ..........             j - amulet of guardian spirit
HPRegen  0.23/turn              m - ring of ice
MPRegen  0.13/turn              o - ring of resist corrosion

@: lethally poisoned (0 -> -4), very slow
A: permanent stasis, dig shafts and tunnels, four strong arms, antennae 3
a: Dig, Shaft Self, Bend Time, Renounce Religion


You were on level 7 of the Dungeon.
You worshipped Cheibriados.
Cheibriados was noncommittal.
You were not hungry.

You visited 2 branches of the dungeon, and saw 8 of its levels.

You collected 300 gold pieces.

Inventory:

Hand Weapons
 a - a +0 war axe (weapon)
 k - a +0 hand axe of chopping
 t - a +4 quarterstaff of chaos
 w - a cursed -3 mace
Armour
 b - a +0 scale mail
 c - a +0 shield (worn)
 p - a +0 chain mail (worn)
 q - the +1 ring mail of the Seven Dances {rC- Int+4 Dex+4}
   (You found it on level 5 of the Dungeon)

   It affects your intelligence (+4).
   It affects your dexterity (+4).
   It makes you vulnerable to cold.
 u - a +2 cloak
 v - a +2 cloak (worn)
 x - a +1 pair of gloves (worn)
Jewellery
 d - an uncursed ring of protection from magic
 j - an amulet of guardian spirit (around neck)
 m - a ring of ice (left hand)
 o - a ring of resist corrosion (right hand)
 s - a +4 ring of strength {unknown}
Wands
 r - a wand of digging (4)
Scrolls
 e - a scroll of enchant armour
 g - 3 scrolls of fog
 h - 8 scrolls of remove curse
 l - 6 scrolls of identify
 n - a scroll of amnesia
Miscellaneous
 i - a phial of floods
Comestibles
 f - 8 rations


   Skills:
 + Level 7.0 Fighting
 + Level 5.9 Axes
 + Level 7.1 Armour
 + Level 4.9 Dodging
 + Level 7.6 Shields
 + Level 3.0 Evocations


You had 9 spell levels left.
You didn't know any spells.
Your spell library contained the following spells:

 Spells                   Type           Power        Failure   Level  Hunger
 Confusing Touch          Hex            #.....       97%         1    ##.....
 Confuse                  Hex            #.......     100%        3    ####...
 Gell's Gravitas          Tloc           #.........   100%        3    ####...
 Petrify                  Tmut/Erth      #.......     100%        4    #####..
 Metabolic Englaciation   Hex/Ice        #.........   100%        5    ######.
 Yara's Violent Unravell  Hex/Tmut       #.........   100%        5    ######.


Dungeon Overview and Level Annotations

Branches:
Dungeon (7/15)             Temple (1/1) D:6

Altars:
Ashenzari
Cheibriados
Fedhas
Gozag
Kikubaaqudgha
Nemelex Xobeh
Okawaru
Ru
Sif Muna
Trog
Uskayaw
Vehumet
Wu Jian
Xom
Yredelemnul
The Shining One

Shops:
D:6 (

Annotations:
D:5 Prince Ribbit


Innate Abilities, Weirdness & Mutations

You cannot be hasted, slowed, berserked, paralysed or teleported.
You can dig through walls and to a lower floor.
Your four strong arms can wield two-handed weapons with a shield.
You have a pair of large antennae on your head. (SInv)


Message History

You block the killer bee's attack.
The killer bee stings you but does no damage.
The killer bee closely misses you.
* * * LOW HITPOINT WARNING * * *
You feel sick. The killer bee barely misses you.
You block the killer bee's attack.
The killer bee stings you but does no damage.
* * * LOW HITPOINT WARNING * * *
You feel sick.
The killer bee stings you but does no damage. x2
The killer bee stings you.
* * * LOW HITPOINT WARNING * * *
You feel sick. You block the killer bee's attack.
The killer bee stings you but does no damage.
You block the killer bee's attack.
* * * LOW HITPOINT WARNING * * *
You feel sick. The killer bee closely misses you.
The killer bee barely misses you. You block the killer bee's attack.
Found 11 gold pieces.
You die...

#..§§§.#
#..§§§§#
#......#
#.)....#
#......#
#......+
#....yy#
#......#
#.....@#
#......#
#........
#.........
#.........
#..........
#......$....
#......######


You could see 2 killer bees.

Vanquished Creatures
  The ghost of yrara the Chopper, an amateur DsFi (D:5)
  Grinder (D:4)
  Eustachio (D:4)
  Menkaure (D:4)
  Edmund (D:5)
  2 ice beasts
  An orc warrior (D:6)
  2 phantoms
  A black bear (D:6)
  2 ogres
  3 bullfrogs (D:6)
  2 killer bees (D:7)
  4 wights (D:6)
  2 howler monkeys
  A bullfrog zombie (D:6)
  A jelly (D:6)
  Crazy Yiuf (D:5)
  5 orc priests
  3 hounds
  An orc wizard (D:4)
  An iguana (D:4)
  5 worker ants
  A hound skeleton (D:3)
  A worker ant zombie (D:5)
  A howler monkey zombie (D:6)
  6 adders
  4 gnolls
  A shadow imp (D:6)
  3 oozes
  An adder skeleton (D:4)
  4 worms
  3 dart slugs
  2 leopard geckos
  20 orcs
  A ball python (D:5)
  7 bats
  4 giant cockroaches
  5 goblins
  10 hobgoblins
  3 jackals (D:6)
  3 quokkas
  3 frilled lizards
  10 kobolds
  A quokka skeleton (D:5)
  4 rats
  A fungus (D:5)
141 creatures vanquished.

Vanquished Creatures (others)
  An adder (D:3)
1 creature vanquished.

Grand Total: 142 creatures vanquished

Notes
Turn   | Place    | Note
-------+----------+-------------------------------------------
     0 | D:1      | Hercules1031 the Formicid Fighter began the quest for the
                  | Orb.
     0 | D:1      | Reached XP level 1. HP: 18/18 MP: 1/1
    92 | D:1      | Reached XP level 2. HP: 1/24 MP: 2/2
   541 | D:1      | Reached XP level 3. HP: 29/29 MP: 3/3
   730 | D:1      | Reached skill level 1 in Dodging
  1117 | D:2      | Reached XP level 4. HP: 26/37 MP: 4/4
  1575 | D:3      | Reached XP level 5. HP: 13/42 MP: 5/5
  2131 | D:3      | Found an iron altar of Okawaru.
  2294 | D:3      | Found an ornate altar of the Wu Jian Council.
  2427 | D:3      | Reached XP level 6. HP: 48/48 MP: 6/6
  3075 | D:4      | Noticed Grinder
  3076 | D:4      | Noticed Menkaure
  3084 | D:4      | Killed Menkaure
  3084 | D:4      | Reached skill level 5 in Shields
  3084 | D:4      | Reached XP level 7. HP: 26/55 MP: 7/7
  3105 | D:4      | Killed Grinder
  3105 | D:4      | Reached skill level 5 in Armour
  3115 | D:4      | Found a sparkling altar of Nemelex Xobeh.
  3246 | D:4      | Reached skill level 5 in Fighting
  3311 | D:4      | Reached XP level 8. HP: 35/62 MP: 8/8
  3333 | D:4      | Noticed Eustachio
  3376 | D:4      | Killed Eustachio
  3654 | D:5      | Entered Level 5 of the Dungeon
  3736 | D:5      | Noticed Prince Ribbit
  4306 | D:5      | Found a runed translucent door.
  4310 | D:5      | Noticed yrara's ghost (amateur DsFi)
  4349 | D:5      | Killed yrara's ghost
  4349 | D:5      | Reached skill level 5 in Axes
  4349 | D:5      | Reached XP level 9. HP: 43/69 MP: 5/9
  4420 | D:5      | Noticed Edmund
  4441 | D:5      | Killed Edmund
  4885 | D:5      | Got a distressingly furry ring mail
  4886 | D:5      | Identified the +1 ring mail of the Seven Dances {rC- Int+4
                  | Dex+4} (You found it on level 5 of the Dungeon)
  5364 | D:5      | Found a runed translucent door.
  5365 | D:5      | Noticed Crazy Yiuf
  5372 | D:5      | Killed Crazy Yiuf
  5372 | D:5      | Reached skill level 1 in Evocations
  5589 | D:6      | HP: 1/70 [orc priest/divine providence (8)]
  6039 | D:6      | Found a staircase to the Ecumenical Temple.
  6109 | Temple   | Entered the Ecumenical Temple
  6309 | Temple   | Became a worshipper of Cheibriados the Contemplative
  6656 | D:6      | Found Jaro's Antique Weapon Emporium.
  6704 | D:6      | Found a shimmering altar of Xom.
  6833 | D:7      | Reached XP level 10. HP: 16/79 MP: 8/12
  6840 | D:7      | HP: 2/79 [poisoned by a killer bee]
  6843 | D:7      | Succumbed to a killer bee's poison

Levels and vault maps discovered:
D:1:      dpeg_arrival_windows_large_door, layout_loops_ring, minmay_3d_cube
D:2:      layout_rooms
D:3:      layout_loops_ring, marbit_many_paths, okawaru_metal_pillars_1_2,
          first_ration, minmay_misc_feat_plants, kennysheep_generic_room_8
D:4:      layout_loops_ring, lemuel_doored_altar, kennysheep_generic_room_3,
          uniq_grinder, uniq_menkaure, uniq_eustachio
D:5:      layout_gridville, ebering_ghost_inner_flame, uniq_crazy_yiuf_cottage,
          uniq_prince_ribbit1, uniq_edmund
D:6:      layout_loops_cross, lemuel_crystal_altar, minmay_temple_entry_ruins,
          serial_shops, nicolae_shop_behind_doors
D:7:      cheibrodos_helix_gallery, layout_gridville,
          amethyst_overflow_temple_binary
Temple:   minmay_temple_bridge_abc

Skill      XL: |  1  2  3  4  5  6  7  8  9 |
---------------+----------------------------+-----
Dodging        | 1 2 3 4 |  4.9
Shields        | 4 5 6 7 |  7.6
Fighting       | 4 5 6 7 |  7.0
Armour         | 4 5 6 7 |  7.1
Axes           | 3 4 5 |  5.9
Evocations     | 3 |  3.0

Action                   |  1- 3 |  4- 6 |  7- 9 | 10-12 || total
-------------------------+-------+-------+-------+-------++-------
Melee: War axe           |   100 |   183 |   467 |     1 ||   751
  Use: Scroll            |     2 |     1 |    16 |       ||    19
       Potion            |       |     5 |     8 |       ||    13
 Stab: Invisible         |       |     1 |       |       ||     1
  Eat: Ration            |     1 |     3 |     3 |       ||     7
Armor: Scale mail        |    50 |    27 |       |       ||    77
       Chain mail        |       |    48 |   193 |    11 ||   252
       Skin              |       |       |    12 |       ||    12
Dodge: Dodged            |    34 |    71 |   156 |     7 ||   268
Block: Shield            |    54 |   110 |   296 |    10 ||   470

Table legend:
 A = Non-vault XP
 B = Vault XP
 C = Vault XP percentage of total XP
 D = Non-vault monster count
 E = Vault monster count
 F = Vault count percentage of total count
                 A         B        C        D         E       F
            +---------+---------+-------+---------+---------+-------
      Total |    2801 |    1148 |  29.1 |     128 |      13 |   9.2
            +---------+---------+-------+---------+---------+-------
        D:1 |      49 |       6 |  10.9 |      19 |       3 |  13.6
        D:2 |      35 |       0 |   0.0 |      12 |       0 |   0.0
        D:3 |     194 |       4 |   2.0 |      26 |       3 |  10.3
        D:4 |     352 |     644 |  64.7 |      15 |       3 |  16.7
        D:5 |     534 |     494 |  48.1 |      16 |       4 |  20.0
        D:6 |    1341 |       0 |   0.0 |      35 |       0 |   0.0
        D:7 |     296 |       0 |   0.0 |       5 |       0 |   0.0
            +---------+---------+-------+---------+---------+-------
